[Event "World Junior U20 Girls 2018"]
[Site "Gebze"]
[Date "2018.09.05"]
[Round "1"]
[White "Malatsilava, Volha"]
[Black "Tsolakidou, Stavroula"]
[Result "0-1"]
[ECO "B94"]
[WhiteElo "2040"]
[BlackElo "2393"]
[Annotator "NA"]
[PlyCount "86"]
[EventDate "2018.09.05"]
[EventType "swiss"]
[EventCountry "TUR"]
[SourceTitle "playchess.com"]
[Source "ChessBase"]
[SourceQuality "1"]
[TimeControl "40/5400+30:1800+30"]

1. e4 c5 2. Nf3 d6 3. d4 cxd4 4. Nxd4 Nf6 5. Nc3 a6 6. Bg5 Nbd7 7. Qe2 g6 8. f4 Bg7 9. O-O-O O-O 10. e5 dxe5 11. fxe5 Qa5 12. Nf3 Ng4 13. Rd5 b5 14. h3 Nh6 15. g4 f6 16. exf6 exf6 17. Bxh6 Bxh6+ 18. Kb1 Nb6 19. Rd1 Bb7 20. Qe6+ Kh8 21. Bg2 Rae8 22. Qb3 b4 23. Rd6 Nc8 24. Rd4 Bxf3 25. Bxf3 bxc3 26. h4 Na7 27. Rd5 Qc7 28. h5 Rb8 29. Qa4 Qg3 30. Be4 Rxb2+ 31. Ka1 Rfb8 32. Rdd1 Qc7 33. hxg6 Qg7 34. Rd7 Nb5 35. Rxg7 Kxg7 36. gxh7 Kh8 37. Qxa6 Bg5 38. Qa5 Bf4 39. Rd1 Nd4 40. Qa4 Be5 41. Qd7 Rxc2 42. g5 Rc1+ 43. Rxc1 c2 0-1

[Event "World Junior U20 Girls 2018"]
[Site "Gebze"]
[Date "2018.09.05"]
[Round "1"]
[White "Caballero Quijano, Mitzy Mishell"]
[Black "Assaubayeva, Bibisara"]
[Result "0-1"]
[ECO "E63"]
[WhiteElo "2034"]
[BlackElo "2371"]
[Annotator "NA"]
[PlyCount "108"]
[EventDate "2018.09.05"]
[EventType "swiss"]
[EventCountry "TUR"]
[SourceTitle "playchess.com"]
[Source "ChessBase"]
[SourceQuality "1"]
[TimeControl "40/5400+30:1800+30"]

1. d4 Nf6 2. Nf3 g6 3. c4 Bg7 4. g3 O-O 5. Bg2 d6 6. O-O Nc6 7. Nc3 a6 8. h3 Rb8 9. e4 b5 10. cxb5 axb5 11. Re1 Nd7 12. Bg5 h6 13. Be3 b4 14. Nd5 e6 15. Nf4 e5 16. Nd5 exd4 17. Nxd4 Nxd4 18. Bxd4 Ne5 19. Rc1 c5 20. Bxe5 Bxe5 21. b3 Ra8 22. Re2 h5 23. Rd2 Be6 24. Nf4 Bd7 25. Ne2 Bb5 26. f4 Bxe2 27. Qxe2 Bd4+ 28. Kh1 h4 29. Rcd1 hxg3 30. Qg4 Ra6 31. Bf1 Ra7 32. Bc4 Kg7 33. Qxg3 Rh8 34. Kg2 Qf6 35. Bd5 Re7 36. Rf1 Rh5 37. Rf3 Bc3 38. Rc2 Be1 39. Qh2 Qd4 40. Qg1 Qd1 41. Rcf2 Rxd5 42. exd5 Qxd5 43. Rf1 Bc3 44. Kh1 Re2 45. Qg5 Qd2 46. Qg3 Qxa2 47. Rxc3 bxc3 48. Qxc3+ Kg8 49. Qg3 Rb2 50. f5 Qxb3 51. Qxb3 Rxb3 52. fxg6 fxg6 53. Rf6 Rxh3+ 54. Kg2 Rd3 0-1

[Event "World Junior U20 Girls 2018"]
[Site "Gebze"]
[Date "2018.09.05"]
[Round "1"]
[White "Nemcova, Karin"]
[Black "Antova, Gabriela"]
[Result "0-1"]
[ECO "B85"]
[WhiteElo "1990"]
[BlackElo "2292"]
[Annotator "NA"]
[PlyCount "58"]
[EventDate "2018.09.05"]
[EventType "swiss"]
[EventCountry "TUR"]
[SourceTitle "playchess.com"]
[Source "ChessBase"]
[SourceQuality "1"]
[TimeControl "40/5400+30:1800+30"]

1. e4 c5 2. Nf3 d6 3. d4 cxd4 4. Nxd4 Nf6 5. Nc3 a6 6. Be3 e6 7. Be2 Be7 8. O-O O-O 9. f4 Qc7 10. Kh1 b5 11. a3 Bb7 12. Bd3 Nbd7 13. Qf3 Nc5 14. Rae1 Rfe8 15. Bd2 Nfd7 16. Qg3 Rad8 17. e5 Nxd3 18. cxd3 Bf8 19. Nb3 Nc5 20. Nc1 dxe5 21. fxe5 Rd7 22. b4 Na4 23. Ne4 Bxe4 24. Rxe4 Nc3 25. Rh4 Nb1 26. Bg5 f5 27. d4 Nc3 28. Qf3 Ne4 29. Qh5 g6 0-1

[Event "World Junior U20 Girls 2018"]
[Site "Gebze"]
[Date "2018.09.05"]
[Round "1"]
[White "Ayan, Bengu Sena"]
[Black "Sieber, Fiona"]
[Result "1/2-1/2"]
[ECO "E46"]
[WhiteElo "1976"]
[BlackElo "2277"]
[Annotator "NA"]
[PlyCount "81"]
[EventDate "2018.09.05"]
[EventType "swiss"]
[EventCountry "TUR"]
[SourceTitle "playchess.com"]
[Source "ChessBase"]
[SourceQuality "1"]
[TimeControl "40/5400+30:1800+30"]

1. d4 Nf6 2. c4 e6 3. Nc3 Bb4 4. e3 O-O 5. Nge2 d5 6. a3 Bd6 7. cxd5 exd5 8. Ng3 Re8 9. Bd3 c6 10. Qc2 Nbd7 11. Nce2 Nf8 12. O-O h5 13. Re1 Bc7 14. Bd2 h4 15. Nf1 h3 16. g3 Ne6 17. Bc3 Ng5 18. Nd2 Bg4 19. Nf4 Bxf4 20. exf4 Nf3+ 21. Nxf3 Bxf3 22. Bf1 Qd7 23. Qd3 Be4 24. Qd1 Qf5 25. f3 Bc2 26. Qd2 Bb3 27. Bd3 Qd7 28. Re5 Rxe5 29. fxe5 Nh7 30. Qf4 g6 31. Qh4 Bc4 32. Bc2 Nf8 33. Bd2 c5 34. Bg5 Qe6 35. Be3 cxd4 36. Bxd4 Be2 37. Kf2 Rc8 38. Bb3 Bd3 39. Re1 Bc2 40. Ba2 Bd3 41. Bb3 1/2-1/2

[Event "World Junior U20 Girls 2018"]
[Site "Gebze"]
[Date "2018.09.05"]
[Round "1"]
[White "Celik, Eda"]
[Black "Sliwicka, Alicja"]
[Result "0-1"]
[ECO "A04"]
[WhiteElo "1970"]
[BlackElo "2272"]
[Annotator "NA"]
[PlyCount "92"]
[EventDate "2018.09.05"]
[EventType "swiss"]
[EventCountry "TUR"]
[SourceTitle "playchess.com"]
[Source "ChessBase"]
[SourceQuality "1"]
[TimeControl "40/5400+30:1800+30"]

1. e4 c5 2. Nf3 e6 3. d3 Nc6 4. g3 g6 5. Bg2 Bg7 6. O-O Nge7 7. c3 O-O 8. Re1 e5 9. Be3 d6 10. a4 b6 11. d4 exd4 12. cxd4 Bg4 13. d5 Ne5 14. Nc3 h6 15. h3 Nxf3+ 16. Bxf3 Bxh3 17. Bg4 Bxg4 18. Qxg4 Kh7 19. Kg2 f5 20. Qh3 Ng8 21. exf5 Rxf5 22. g4 Re5 23. Bf4 Rxe1 24. Rxe1 g5 25. Qd3+ Kh8 26. Bg3 Qd7 27. Re6 Re8 28. Rxd6 Qxg4 29. Qg6 Rf8 30. Re6 Qf3+ 31. Kh2 Nf6 32. Re7 Rg8 33. Rf7 Ng4+ 34. Kg1 Qxg3+ 35. fxg3 Bd4+ 36. Kg2 Rxg6 37. Rxa7 Bxc3 38. bxc3 Ne3+ 39. Kf3 Nxd5 40. c4 Nb4 41. a5 Nc6 42. Ra8+ Rg8 43. Rxg8+ Kxg8 44. axb6 Kf7 45. Ke4 Ke6 46. g4 Na5 0-1

[Event "World Junior U20 Girls 2018"]
[Site "Gebze"]
[Date "2018.09.05"]
[Round "1"]
[White "Vujcic, Milena"]
[Black "Diakonova, Ekaterina"]
[Result "0-1"]
[ECO "B19"]
[WhiteElo "1955"]
[BlackElo "2243"]
[Annotator "NA"]
[PlyCount "98"]
[EventDate "2018.09.05"]
[EventType "swiss"]
[EventCountry "TUR"]
[SourceTitle "playchess.com"]
[Source "ChessBase"]
[SourceQuality "1"]
[TimeControl "40/5400+30:1800+30"]

1. e4 c6 2. d4 d5 3. Nc3 dxe4 4. Nxe4 Bf5 5. Ng3 Bg6 6. h4 h6 7. Nf3 Nf6 8. h5 Bh7 9. Bd3 Bxd3 10. Qxd3 e6 11. Bd2 Be7 12. O-O-O Nbd7 13. Kb1 O-O 14. Ne4 Nxe4 15. Qxe4 Nf6 16. Qe2 Qd5 17. Ne5 Qe4 18. Qxe4 Nxe4 19. Be3 Rfd8 20. g4 c5 21. f3 cxd4 22. Rxd4 Rxd4 23. Bxd4 Nd2+ 24. Kc1 Bg5 25. Kd1 f6 26. Bc3 Rd8 27. Nd3 Nxf3 28. Ke2 Nd4+ 29. Bxd4 Rxd4 30. Kf3 Kf7 31. Re1 f5 32. Ne5+ Kf6 33. Re2 Rd2 34. Rxd2 Bxd2 35. Nc4 Bc1 36. Nd6 Bxb2 37. Nxb7 Bc3 38. Nd6 a6 39. Ne8+ Kg5 40. gxf5 exf5 41. Nd6 Kxh5 42. Nxf5 g5 43. Ng3+ Kg6 44. Ne4 Be5 45. c4 h5 46. c5 g4+ 47. Kg2 h4 48. c6 h3+ 49. Kg1 g3 0-1

[Event "World Junior U20 Girls 2018"]
[Site "Gebze"]
[Date "2018.09.05"]
[Round "1"]
[White "Kyrkjebo, Hanna B"]
[Black "Maltsevskaya, Aleksandra"]
[Result "0-1"]
[ECO "A08"]
[WhiteElo "1947"]
[BlackElo "2234"]
[Annotator "NA"]
[PlyCount "68"]
[EventDate "2018.09.05"]
[EventType "swiss"]
[EventCountry "TUR"]
[SourceTitle "playchess.com"]
[Source "ChessBase"]
[SourceQuality "1"]
[TimeControl "40/5400+30:1800+30"]

1. e4 c5 2. Nf3 e6 3. d3 Nc6 4. g3 g6 5. Bg2 Bg7 6. h4 h6 7. c3 Nge7 8. O-O d5 9. Qe2 b6 10. e5 Qc7 11. Re1 a5 12. a4 Ba6 13. Na3 O-O 14. Nb5 Qd7 15. Bf4 Na7 16. Nxa7 Rxa7 17. Qc2 b5 18. b3 Rb8 19. Reb1 bxa4 20. Rxa4 Nc6 21. Re1 Rab7 22. Nd2 Qd8 23. d4 cxd4 24. cxd4 Nb4 25. Qb1 Bb5 26. Ra1 Nd3 27. Rd1 Nxf4 28. gxf4 Qxh4 29. Rxa5 Qxf4 30. Nf1 Bxf1 31. Bxf1 Rxb3 32. Qc1 Qf5 33. Rc5 Rb2 34. Qe3 Qg4+ 0-1

[Event "World Junior U20 Girls 2018"]
[Site "Gebze"]
[Date "2018.09.05"]
[Round "1"]
[White "Kyrkjebo, Marte B"]
[Black "Mahalakshmi, M."]
[Result "1/2-1/2"]
[ECO "B12"]
[WhiteElo "1935"]
[BlackElo "2213"]
[Annotator "NA"]
[PlyCount "168"]
[EventDate "2018.09.05"]
[EventType "swiss"]
[EventCountry "TUR"]
[SourceTitle "playchess.com"]
[Source "ChessBase"]
[SourceQuality "1"]
[TimeControl "40/5400+30:1800+30"]

1. e4 c6 2. d4 d5 3. e5 c5 4. dxc5 e6 5. Be3 Nd7 6. Bb5 {[%emt 0:07:30] B12: Caro-Kann: Advance Variation} (6. f4 Bxc5 7. Bxc5 Nxc5 8. Nc3 Ne7 9. Qd4 b6 10. O-O-O O-O 11. Nf3 Bd7 12. Bd3 Rc8 13. Kb1 Qc7 {1-0 (43) Durarbayli,V (2618)-Indjic,A (2600) Saint Louis 2018}) 6... Qa5+ 7. Nc3 a6 8. Ba4 Bxc5 9. Bxc5 Qxc5 10. Nf3 $146 ({Predecessor:} 10. Qg4 g6 11. Nf3 b5 12. Bb3 Ne7 13. O-O Bb7 {0-1 (44) Zhou,Q (2239)-Jarvenpaa,J (2295) Helsinki 2016}) 10... b5 11. Bb3 Ne7 12. O-O O-O 13. Re1 Bb7 14. Ne2 b4 15. a3 bxa3 16. Rxa3 Nb6 17. Ned4 a5 18. Ba4 Nc4 19. Ra2 Ba6 20. c3 Rfb8 21. Qc1 Qc7 22. b3 Nb6 23. Qe3 Rc8 24. Rc1 Qc5 25. Ne1 Ng6 26. Nef3 Rc7 27. Qd2 Rac8 28. h3 h6 29. Qe3 Nxa4 30. Rxa4 Qb6 31. Qd2 Rc5 32. Ra2 Bb7 33. Qe3 Qc7 34. Rac2 Ba6 35. Kh1 Qb8 36. Ra2 Bb7 37. Kg1 Qc7 38. Rac2 Qb6 39. Ra2 Bc6 40. Rca1 Bd7 41. Rc1 Qc7 42. Rac2 Qb8 43. Ra2 Be8 44. Kh1 R8c7 45. Kg1 Rc8 46. Kh1 Nf8 47. Ne1 Nd7 48. f4 g6 49. g4 Qc7 50. Rac2 Qd8 51. f5 exf5 52. gxf5 Qg5 53. Qxg5 hxg5 54. fxg6 Nxe5 55. gxf7+ Bxf7 56. Nf5 Kf8 57. Nd6 R8c6 58. Nxf7 Kxf7 59. Kg2 Rb6 60. Rb1 Rcb5 61. Rcb2 Nc4 62. Rf2+ Kg6 63. Nd3 Rxb3 64. Rc1 Rb1 65. Rxb1 Rxb1 66. Nc5 Rb2 67. Na4 Rb3 68. Rf3 Ra3 69. Nc5 Ra2+ 70. Kg3 Rd2 71. h4 g4 72. Rf1 Rc2 73. Na4 {[%emt 0:00:17] [#]} Ra2 (73... Re2 $1 $19 74. Rf8 Re3+ 75. Kf2 Rd3 76. Rg8+ Kf5 77. Rf8+ Ke5 78. Re8+ Kd6) 74. Nc5 Ra3 75. Rc1 d4 76. Kxg4 Rxc3 77. Rg1 Kh6 78. Ne4 Re3 79. Kf5 Rf3+ 80. Ke6 Rf4 81. Kd5 Rxh4 82. Kxc4 Rxe4 83. Rd1 {[%emt 0:00:00] [#]} d3+ $1 84. Kxd3 Re5 $11 1/2-1/2

[Event "World Junior U20 Girls 2018"]
[Site "Gebze"]
[Date "2018.09.05"]
[Round "1"]
[White "Tian, Shi Yuan"]
[Black "Caglar, Sila"]
[Result "1/2-1/2"]
[ECO "E61"]
[WhiteElo "1923"]
[BlackElo "2208"]
[Annotator "NA"]
[PlyCount "81"]
[EventDate "2018.09.05"]
[EventType "swiss"]
[EventCountry "TUR"]
[SourceTitle "playchess.com"]
[Source "ChessBase"]
[SourceQuality "1"]
[TimeControl "40/5400+30:1800+30"]

1. d4 Nf6 2. Nf3 g6 3. Bf4 Bg7 4. e3 O-O 5. Be2 d6 6. h3 Nc6 7. O-O Nd7 8. c4 e5 9. Bh2 exd4 10. exd4 Re8 11. Nc3 Nf6 12. d5 Nb8 13. Bd3 a5 14. Qd2 Na6 15. Rae1 Nc5 16. Bc2 Bd7 17. Nd4 a4 18. Bf4 a3 19. b3 Nh5 20. Bg5 Qc8 21. Rxe8+ Bxe8 22. Ne4 Bd7 23. Kh2 f5 24. Nxc5 dxc5 25. Nf3 Qf8 26. Re1 Re8 27. Rxe8 Qxe8 28. Qe3 Qxe3 29. Bxe3 b6 30. Bg5 c6 31. Bd8 b5 32. dxc6 Bxc6 33. cxb5 Bxb5 34. Be7 Bf8 35. Bxf8 Kxf8 36. g3 Nf6 37. Nd2 Nd5 38. Nb1 Be2 39. Nxa3 Nc3 40. Bb1 Ke7 41. Kg1 1/2-1/2

[Event "World Junior U20 Girls 2018"]
[Site "Gebze"]
[Date "2018.09.05"]
[Round "1"]
[White "Salah, Nadezhda"]
[Black "Kubicka, Anna"]
[Result "1-0"]
[ECO "E70"]
[WhiteElo "1918"]
[BlackElo "2204"]
[Annotator "NA"]
[PlyCount "123"]
[EventDate "2018.09.05"]
[EventType "swiss"]
[EventCountry "TUR"]
[SourceTitle "playchess.com"]
[Source "ChessBase"]
[SourceQuality "1"]
[TimeControl "40/5400+30:1800+30"]

1. d4 Nf6 2. c4 g6 3. Nc3 Bg7 4. e4 O-O 5. Nge2 d6 6. Ng3 e5 7. d5 c6 8. Be2 cxd5 9. cxd5 Kh8 10. O-O Ng8 11. Qb3 Nd7 12. Qa3 Nc5 13. Be3 b6 14. b4 Nb7 15. Ba6 f5 16. exf5 gxf5 17. f4 Qh4 18. Rac1 Nh6 19. Nce2 Ng4 20. h3 Nxe3 21. Qxe3 Qd8 22. Rc2 Rf7 23. Rfc1 Rb8 24. Nh5 exf4 25. Nexf4 Re7 26. Qd3 Be5 27. Qg3 Bd7 28. Qg5 Be8 29. Ne6 Rxe6 30. Qxd8 Nxd8 31. dxe6 Bxh5 32. e7 Ne6 33. Rc8+ Rxc8 34. Rxc8+ Kg7 35. e8=Q Bxe8 36. Rxe8 Kf6 37. Ra8 Bc3 38. Rxa7 Bxb4 39. Rxh7 d5 40. Bc8 Nf4 41. Rh4 Ke5 42. g3 Bc5+ 43. Kf1 Ng6 44. Rh5 Ne7 45. Bxf5 Kd4 46. Be6 Ke4 47. Ke2 d4 48. Bc4 d3+ 49. Bxd3+ Kd4 50. g4 Nd5 51. Rxd5+ Kxd5 52. Kf3 Ke6 53. g5 Kf7 54. Kg4 Kg7 55. h4 Be3 56. h5 Kh8 57. h6 Bc1 58. Kh5 b5 59. g6 Kg8 60. Bxb5 Bb2 61. Bc4+ Kh8 62. g7+ 1-0

[Event "World Junior U20 Girls 2018"]
[Site "Gebze"]
[Date "2018.09.05"]
[Round "1"]
[White "Ince, Safiye Oyku"]
[Black "Beydullayeva, Govhar"]
[Result "1/2-1/2"]
[ECO "B50"]
[WhiteElo "1905"]
[BlackElo "2202"]
[Annotator "NA"]
[PlyCount "128"]
[EventDate "2018.09.05"]
[EventType "swiss"]
[EventCountry "TUR"]
[SourceTitle "playchess.com"]
[Source "ChessBase"]
[SourceQuality "1"]
[TimeControl "40/5400+30:1800+30"]

1. e4 c5 2. Nf3 d6 3. c3 Nf6 4. h3 e6 5. Bd3 Be7 6. Bc2 b6 7. d4 Bb7 8. Qe2 d5 9. e5 Nfd7 10. O-O Nc6 11. a3 a5 12. Nbd2 a4 13. Re1 Ba6 14. Bd3 Bxd3 15. Qxd3 O-O 16. c4 dxc4 17. Qxc4 Nxd4 18. Nxd4 cxd4 19. Qxd4 Nc5 20. Nf3 Nd3 21. Qxd8 Rfxd8 22. Re2 Rd5 23. Be3 Nxe5 24. Bxb6 Nxf3+ 25. gxf3 Bf6 26. Bc7 Rb5 27. Rb1 h6 28. Bd6 Rb3 29. Kg2 Ra5 30. f4 Rh5 31. Re4 Rbxh3 32. Rxa4 Rh2+ 33. Kf3 Rd5 34. Kg3 Rhh5 35. Bb4 e5 36. Bc3 exf4+ 37. Rxf4 Rd3+ 38. f3 Rg5+ 39. Kf2 Bxc3 40. bxc3 Rxc3 41. Rb8+ Kh7 42. a4 f6 43. Ra8 Ra3 44. Ra7 Kg6 45. Rg4 h5 46. Rxg5+ Kxg5 47. Rxg7+ Kf4 48. Rh7 Rxf3+ 49. Kg2 Rg3+ 50. Kf2 Rg5 51. Rf7 f5 52. a5 Rg6 53. Rb7 Ra6 54. Rb5 Kg4 55. Rb4+ f4 56. Rb5 h4 57. Kg2 h3+ 58. Kh2 Re6 59. Rb2 Re4 60. Ra2 Re7 61. a6 Ra7 62. Ra3 f3 63. Ra4+ Kf5 64. Kxh3 Ke5 1/2-1/2

[Event "World Junior U20 Girls 2018"]
[Site "Gebze"]
[Date "2018.09.05"]
[Round "1"]
[White "Koljevic, Nikolina"]
[Black "Chu, Ruotong"]
[Result "0-1"]
[ECO "C42"]
[WhiteElo "1898"]
[BlackElo "2199"]
[Annotator "NA"]
[PlyCount "74"]
[EventDate "2018.09.05"]
[EventType "swiss"]
[EventCountry "TUR"]
[SourceTitle "playchess.com"]
[Source "ChessBase"]
[SourceQuality "1"]
[TimeControl "40/5400+30:1800+30"]

1. e4 e5 2. Nf3 Nf6 3. Nxe5 d6 4. Nf3 Nxe4 5. Nc3 Nf6 6. d4 Be7 7. Bd3 O-O 8. O-O Re8 9. Re1 a6 10. h3 b6 11. Bg5 Nbd7 12. Qd2 Bb7 13. Bxf6 Nxf6 14. Ne4 Bf8 15. Qf4 Nh5 16. Qd2 g6 17. c3 Bg7 18. a4 Re7 19. Qc2 Nf4 20. Bf1 Qd7 21. Ned2 Rxe1 22. Rxe1 h6 23. Kh2 b5 24. Qb3 Bc6 25. a5 Qf5 26. Nh4 Qf6 27. g3 Nd3 28. Re3 Qxf2+ 29. Ng2 Qxd2 30. Rxd3 Qf2 31. Rd1 Re8 32. Rc1 Re3 33. Qc2 Qxg3+ 34. Kg1 Re7 35. h4 h5 36. Rd1 Bh6 37. d5 Be3+ 0-1

[Event "World Junior U20 Girls 2018"]
[Site "Gebze"]
[Date "2018.09.05"]
[Round "1"]
[White "Aydin, Gulenay"]
[Black "Schneider, Jana"]
[Result "0-1"]
[ECO "C07"]
[WhiteElo "1882"]
[BlackElo "2190"]
[Annotator "NA"]
[PlyCount "46"]
[EventDate "2018.09.05"]
[EventType "swiss"]
[EventCountry "TUR"]
[SourceTitle "playchess.com"]
[Source "ChessBase"]
[SourceQuality "1"]
[TimeControl "40/5400+30:1800+30"]

1. e4 e6 2. d4 d5 3. Nd2 c5 4. Ngf3 cxd4 5. Nxd4 Nc6 6. Bb5 Bd7 7. Nxc6 bxc6 8. Bd3 Qc7 9. O-O Bd6 10. Qg4 Bxh2+ 11. Kh1 Be5 12. f4 h5 13. Qh3 Bxf4 14. exd5 e5 15. Qf3 Bg4 16. Qf2 cxd5 17. g3 Bg5 18. Bb5+ Kf8 19. b3 Nf6 20. Nf3 h4 21. Nxh4 Ne4 22. Qh2 Bxh4 23. gxh4 Qe7 0-1

[Event "World Junior U20 Girls 2018"]
[Site "Gebze"]
[Date "2018.09.05"]
[Round "1"]
[White "Bail, Ellen Larissa"]
[Black "Pychova, Nela"]
[Result "0-1"]
[ECO "E07"]
[WhiteElo "1832"]
[BlackElo "2173"]
[Annotator "NA"]
[PlyCount "109"]
[EventDate "2018.09.05"]
[EventType "swiss"]
[EventCountry "TUR"]
[SourceTitle "playchess.com"]
[Source "ChessBase"]
[SourceQuality "1"]
[TimeControl "40/5400+30:1800+30"]

1. Nf3 Nf6 2. c4 e6 3. g3 Be7 4. Bg2 O-O 5. O-O d5 6. d4 c6 7. Nc3 Nbd7 8. cxd5 exd5 9. Rb1 a5 10. a3 Nb6 11. b4 Nc4 12. Nd2 axb4 13. axb4 Bf5 14. Rb3 b5 15. Re1 Qb6 16. e4 Bg4 17. Nf3 dxe4 18. Nxe4 Nd5 19. Nc5 Ra2 20. h3 Bf5 21. Re2 Ra1 22. Qe1 Qc7 23. Ne5 Bf6 24. Nf3 h6 25. Kh2 Qc8 26. Ne4 Be7 27. Nc5 Bd6 28. Nh4 Bh7 29. Nf3 Nf4 30. Ree3 Nxe3 31. Rxe3 Nd5 32. Re2 Qd8 33. Qd2 Nxb4 34. Bb2 Bxc5 35. Bxa1 Bd6 36. Bc3 Nd5 37. Ba5 Qc8 38. Ne5 Bf5 39. Re1 Be6 40. Nd3 Qa6 41. Nc5 Bxc5 42. dxc5 Qa7 43. Bxd5 Bxd5 44. Bc3 Qa4 45. Re5 Qc4 46. Kg1 Rb8 47. Re1 Qxc5 48. Qf4 Ra8 49. Bd4 Qf8 50. Rc1 Rc8 51. Bc5 Qe8 52. Qg4 Be6 53. Qf3 Qd7 54. Kg2 Rd8 55. Bb4 0-1

[Event "World Junior U20 Girls 2018"]
[Site "Gebze"]
[Date "2018.09.05"]
[Round "1"]
[White "Duran, Esma Doga"]
[Black "Du, Yuxin"]
[Result "1/2-1/2"]
[ECO "E18"]
[WhiteElo "1825"]
[BlackElo "2146"]
[Annotator "NA"]
[PlyCount "88"]
[EventDate "2018.09.05"]
[EventType "swiss"]
[EventCountry "TUR"]
[SourceTitle "playchess.com"]
[Source "ChessBase"]
[SourceQuality "1"]
[TimeControl "40/5400+30:1800+30"]

1. d4 Nf6 2. Nf3 e6 3. c4 b6 4. g3 Bb7 5. Bg2 Be7 6. O-O O-O 7. Nc3 Ne4 8. Nxe4 Bxe4 9. b3 Bf6 10. Bb2 c5 11. Qd2 d6 12. Rad1 Qe7 13. Ne1 Bxg2 14. Nxg2 Rd8 15. e4 Nc6 16. d5 Nd4 17. Bxd4 Bxd4 18. Ne3 exd5 19. exd5 Qf6 20. Qd3 g6 21. Kg2 Re8 22. Nc2 Bc3 23. Ne3 Re7 24. Rc1 Bd4 25. Nc2 Rae8 26. Nxd4 Qxd4 27. Qxd4 cxd4 28. Rfd1 Re2 29. Rxd4 Rxa2 30. Rd3 Ree2 31. Rf3 f5 32. Rcc3 Kf7 33. g4 Kf6 34. gxf5 gxf5 35. Rce3 Rab2 36. Rxe2 Rxe2 37. Rh3 Re7 38. Kf3 a6 39. Rh6+ Ke5 40. Ke3 f4+ 41. Kd3 b5 42. Rh5+ Kf6 43. Rh6+ Ke5 44. Rh5+ Kf6 1/2-1/2

[Event "World Junior U20 Girls 2018"]
[Site "Gebze"]
[Date "2018.09.05"]
[Round "1"]
[White "Caxita, Esperanca"]
[Black "Wafa, Shahenda"]
[Result "0-1"]
[ECO "B35"]
[WhiteElo "1803"]
[BlackElo "2129"]
[Annotator "NA"]
[PlyCount "75"]
[EventDate "2018.09.05"]
[EventType "swiss"]
[EventCountry "TUR"]
[SourceTitle "playchess.com"]
[Source "ChessBase"]
[SourceQuality "1"]
[TimeControl "40/5400+30:1800+30"]

1. e4 c5 2. Nf3 Nc6 3. Nc3 g6 4. d4 cxd4 5. Nxd4 Bg7 6. Be3 Nf6 7. f3 O-O 8. Bc4 Qb6 9. b3 Nxe4 10. Nd5 Qa5+ 11. b4 Nxb4 12. Nxe7+ Kh8 13. O-O Nd6 14. Be2 Qe5 15. Nxg6+ fxg6 16. Bf2 Nc6 17. Nb3 Nf5 18. Re1 Qf6 19. Qd2 d6 20. Rad1 Be6 21. Qf4 Bxb3 22. axb3 Nfd4 23. Qd2 Nxe2+ 24. Rxe2 Rad8 25. Qd5 Qf5 26. Qc4 Ne5 27. Qd5 b6 28. Bg3 Qc8 29. Kh1 Rf5 30. Qe4 Rff8 31. Qa4 a5 32. Bf2 Qb7 33. Qb5 Qc6 34. Qxc6 Nxc6 35. Bxb6 Rd7 36. Rd5 Ra8 37. h3 Kg8 38. Red2 0-1

[Event "World Junior U20 Girls 2018"]
[Site "Gebze"]
[Date "2018.09.05"]
[Round "1"]
[White "Anacoglu, Cisel"]
[Black "Serikbay, Assel"]
[Result "0-1"]
[ECO "B41"]
[WhiteElo "1791"]
[BlackElo "2125"]
[Annotator "NA"]
[PlyCount "82"]
[EventDate "2018.09.05"]
[EventType "swiss"]
[EventCountry "TUR"]
[SourceTitle "playchess.com"]
[Source "ChessBase"]
[SourceQuality "1"]
[TimeControl "40/5400+30:1800+30"]

1. e4 c5 2. Nf3 e6 3. d4 cxd4 4. Nxd4 a6 5. c4 Nf6 6. Nc3 Qc7 7. Be2 Nc6 8. O-O Bd6 9. Kh1 Bf4 10. Bxf4 Qxf4 11. g3 Qc7 12. f4 d6 13. Nxc6 bxc6 14. Qd3 Bb7 15. Bf3 O-O 16. Rad1 Rad8 17. Rd2 Rd7 18. Rfd1 Rfd8 19. Qe3 h6 20. Na4 c5 21. a3 Bc6 22. Nc3 Qb7 23. Qe2 Qb3 24. Kg2 Ne8 25. e5 Bxf3+ 26. Kxf3 Qb7+ 27. Qe4 Qc7 28. Ke3 dxe5 29. Qxe5 Nd6 30. Rxd6 Rxd6 31. Ne4 f6 32. Qxd6 Rxd6 33. Nxd6 f5 34. g4 g6 35. g5 hxg5 36. fxg5 Kf8 37. h4 Qh7 38. Rh1 e5 39. Nc8 Qc7 40. h5 Qxc8 41. hxg6 Kg7 0-1

[Event "World Junior U20 Girls 2018"]
[Site "Gebze"]
[Date "2018.09.05"]
[Round "1"]
[White "De Silva, Tenara"]
[Black "Ozbay, Ece"]
[Result "1/2-1/2"]
[ECO "B44"]
[WhiteElo "1764"]
[BlackElo "2114"]
[Annotator "NA"]
[PlyCount "131"]
[EventDate "2018.09.05"]
[EventType "swiss"]
[EventCountry "TUR"]
[SourceTitle "playchess.com"]
[Source "ChessBase"]
[SourceQuality "1"]
[TimeControl "40/5400+30:1800+30"]

1. e4 c5 2. Nf3 e6 3. d4 cxd4 4. Nxd4 Nc6 5. c4 Nf6 6. f3 Qc7 7. Nc3 Nxd4 8. Qxd4 Bc5 9. Qd3 d6 10. a3 a5 11. Bf4 Bd7 12. Rd1 Qb6 13. Bxd6 Bxd6 14. Qxd6 Qxb2 15. Qd2 Qxd2+ 16. Rxd2 O-O-O 17. e5 Ne8 18. c5 f6 19. f4 fxe5 20. fxe5 Rf8 21. Bc4 Rf4 22. Bb3 Nc7 23. Rf1 Rdf8 24. Rdf2 Rxf2 25. Rxf2 Rxf2 26. Kxf2 Bc6 27. Bc4 Kd7 28. g3 Bd5 29. Bd3 Kc6 30. Bxh7 Kxc5 31. Ke3 Nb5 32. Na4+ Kc6 33. Bg6 Nxa3 34. Be8+ Kc7 35. Nc3 Bc4 36. Kd4 b5 37. Kc5 b4 38. Na4 Bd5 39. Nb2 b3 40. Ba4 Kb7 41. Bb5 Kc7 42. Be8 Nc2 43. Kb5 Kd8 44. Bh5 Nd4+ 45. Kxa5 Nc6+ 46. Ka4 Nxe5 47. Bd1 Ke7 48. Bxb3 Bxb3+ 49. Kxb3 Nf3 50. h3 Nd2+ 51. Kc2 Ne4 52. Kd3 Nxg3 53. Ke3 Nf5+ 54. Kf4 Kf6 55. Nd3 g5+ 56. Kg4 Ne3+ 57. Kf3 Nc4 58. Kg3 Kf5 59. h4 g4 60. h5 Nd6 61. Nf2 Kg5 62. Nxg4 Nf5+ 63. Kf3 Nh4+ 64. Ke4 Kxg4 65. Ke5 Kxh5 66. Kxe6 1/2-1/2

[Event "World Junior U20 Girls 2018"]
[Site "Gebze"]
[Date "2018.09.05"]
[Round "1"]
[White "Huttl, Sofie"]
[Black "Dwilewicz, Katarzyna"]
[Result "0-1"]
[ECO "C55"]
[WhiteElo "1727"]
[BlackElo "2081"]
[Annotator "NA"]
[PlyCount "47"]
[EventDate "2018.09.05"]
[EventType "swiss"]
[EventCountry "TUR"]
[SourceTitle "playchess.com"]
[Source "ChessBase"]
[SourceQuality "1"]
[TimeControl "40/5400+30:1800+30"]

1. e4 e5 2. Nf3 Nc6 3. Bc4 Nf6 4. Nc3 Nxe4 5. Nxe4 d5 6. Bd3 dxe4 7. Bxe4 Bd6 8. Bxc6+ bxc6 9. h3 O-O 10. O-O e4 11. Nh2 Qh4 12. Re1 Bd7 13. d3 f5 14. Qd2 h6 15. b3 Rae8 16. Bb2 Bf4 17. Qe2 e3 18. Nf3 Qh5 19. Nd4 Qg6 20. Qf3 exf2+ 21. Kxf2 Qd6 22. Ne2 Re3 23. Qh5 Be8 24. Qh4 0-1

[Event "World Junior U20 Girls 2018"]
[Site "Gebze"]
[Date "2018.09.05"]
[Round "1"]
[White "Incecik, Seyma Zeynep"]
[Black "Nurgali, Nazerke"]
[Result "0-1"]
[ECO "A06"]
[WhiteElo "1716"]
[BlackElo "2080"]
[Annotator "NA"]
[PlyCount "92"]
[EventDate "2018.09.05"]
[EventType "swiss"]
[EventCountry "TUR"]
[SourceTitle "playchess.com"]
[Source "ChessBase"]
[SourceQuality "1"]
[TimeControl "40/5400+30:1800+30"]

1. b3 d5 2. Bb2 Nf6 3. e3 e6 4. Nf3 Be7 5. Be2 c5 6. O-O Nbd7 7. d4 O-O 8. c4 cxd4 9. Qxd4 dxc4 10. Bxc4 Nb6 11. Be2 Qxd4 12. Bxd4 Nbd5 13. Nbd2 b6 14. Rac1 Ba3 15. Rb1 Bb4 16. Rbc1 Bb7 17. Bc4 Rfd8 18. Rfd1 Rac8 19. Bb2 Bc5 20. Be2 h6 21. a3 a5 22. Nc4 Ne4 23. Nd4 Kf8 24. Bf3 Ng5 25. Bg4 Ke7 26. Ne5 Ne4 27. Be2 Bxd4 28. Rxd4 Rxc1+ 29. Bxc1 Nec3 30. Bh5 g6 31. Bf3 b5 32. Bb2 Rc8 33. Rd3 b4 34. a4 Ba6 35. Rd2 g5 36. h3 Rc7 37. Kh2 f6 38. Nd3 Nb1 39. Rd1 Ndc3 40. Bxc3 Nxc3 41. Nxb4 axb4 42. Rd4 Na2 43. h4 Rc3 44. h5 Rxb3 45. Bc6 Rd3 46. Re4 b3 0-1